 Dungeon Crawl Stone Soup version 0.30-a0-451-ge042605de7 (webtiles) character file.

Game seed: 8846305857991993288

33 GiantSquids the Shooter (level 3, 0/21 HPs)
             Began as a Tengu Hunter on Dec 11, 2022.
             Slain by an orc
             ... wielding a +2 falchion of holy wrath
              (5 damage)
             ... on level 2 of the Dungeon.
             The game lasted 00:02:02 (1250 turns).

GiantSquids the Shooter (Tengu Hunter)              Turns: 1250, Time: 00:02:03

Health: 0/21       AC:  3    Str: 11    XL:     3   Next: 29%
Magic:  4/4        EV: 12    Int:  9    God:
Gold:   69         SH:  0    Dex: 19    Spells: 2/2 levels left

rFire   . . .      SeeInvis .    a - +0 shortbow
rCold   . . .      Faith    .    (shield currently unavailable)
rNeg    . . .      Spirit   .    c - +0 leather armour
rPois   .          Reflect  .    (helmet restricted)
rElec   .          Harm     .    (no cloak)
rCorr   .          Rampage  .    (no gloves)
Will    .....                    (boots unavailable)
Stlth   ++........               (no amulet)
HPRegen 0.23/turn                (no ring)
MPRegen 0.09/turn                (no ring)

@: no status effects
A: beak, talons 3
a: no special abilities


You were on level 2 of the Dungeon.
You visited 1 branch of the dungeon, and saw 2 of its levels.

You collected 69 gold pieces.

Inventory:

Hand Weapons
 a - a +0 shortbow (weapon)
Armour
 c - a +0 leather armour (worn)
Scrolls
 b - a scroll of immolation
 d - 2 scrolls of blinking {unknown}
 e - 3 scrolls of identify {unknown}
 f - 2 scrolls of poison {unknown}
 h - a scroll of fear {unknown}
 i - 2 scrolls of vulnerability {unknown}
Potions
 g - a potion of magic {unknown}


   Skills:
 - Level 2.0 Fighting
 + Level 5.6 Ranged Weapons
 - Level 2.1 Dodging
 - Level 1.0 Stealth


You had 2 spell levels left.
You didn't know any spells.
Your spell library contained the following spells:

 Spells                   Type           Power      Damage    Failure   Level
 Ignite Poison            Fire/Tmut/Pois 0%         N/A       85%         3
 Kindle Blastsparks       Fire/Tloc/Air  0%         2d10      85%         3
 Freezing Cloud           Conj/Ice/Air   0%         6-21      100%        5


Dungeon Overview and Level Annotations

Branches:
Dungeon (2/15)

Altars:


Innate Abilities, Weirdness & Mutations

You have a beak for a mouth.
You have claws for feet.


Message History

You see here a scroll labelled BEDALINAPLE.
f - 2 scrolls labelled BEDALINAPLE (gained 1)
There are monsters nearby!
You now have 69 gold pieces (gained 10).
You shoot an arrow. The arrow completely misses the orc.
The orc hits you with a +0 falchion. The orc attacks as you move away!
The orc hits you with a +0 falchion. The orc attacks as you move away!
The orc hits you with a +0 falchion. The orc attacks as you move away!
The orc hits you with a +0 falchion! The orc attacks as you move away!
The orc barely misses you. The orc attacks as you move away!
The orc barely misses you.
You are too injured to fight recklessly!
Fire: a) +0 shortbow
Press: ? - help, Q - select action Shift-Dir - straight line, f/p - orc
Aim: an orc, wielding a +0 falchion (64% to hit)
You shoot an arrow. The arrow closely misses the orc.
The arrow hits the orc.
The orc is lightly wounded.
The orc hits you with a +0 falchion.
Fire: a) +0 shortbow
Press: ? - help, Q - select action Shift-Dir - straight line, f/p - orc
Aim: an orc, wielding a +0 falchion (64% to hit)
You shoot an arrow. The arrow hits the orc!
You kill the orc!
The orc hits you with a +2 falchion of holy wrath.
* * * LOW HITPOINT WARNING * * *
Fire: a) +0 shortbow
Press: ? - help, Q - select action Shift-Dir - straight line, f - orc
Aim: an orc, wielding a +2 falchion of holy wrath and wearing a +0 ring mail (lightly wounded, 68% to hit)
You shoot an arrow.
The arrow hits the orc but does no damage.
The orc is lightly wounded.
The orc misses you.
Fire: a) +0 shortbow
Press: ? - help, Q - select action Shift-Dir - straight line, f/p - orc
Aim: an orc, wielding a +2 falchion of holy wrath and wearing a +0 ring mail (lightly wounded, 68% to hit)
You shoot an arrow.
The arrow hits the orc but does no damage.
The orc is lightly wounded.
The orc hits you with a +2 falchion of holy wrath.
You die...

#.# #.# #.# #.# #.#
##.######.# ..........####
#.###..o....# #.###.#####o#
####..o..#####o#
#...........##@#
#.#########..#.#
.....o.o...###.#.#
.....8...8..##.#.######
##..........$#............#
..........oo#...#######..#
.#.........oo#..## ...
###..8...8.. #..# #..
#........ ##..# #.#


You could see 2 orcs.

Vanquished Creatures
  2 dart slugs (D:1)
  An orc (D:2)
  A ball python (D:1)
  5 endoplasms (D:1)
  A giant cockroach (D:1)
  2 goblins
  3 hobgoblins (D:1)
  2 quokkas (D:1)
  3 bats (D:1)
  2 frilled lizards (D:1)
  2 kobolds (D:1)
  2 rats (D:1)
26 creatures vanquished.

Vanquished Creatures (others)
  2 fungi (D:1)
2 creatures vanquished.

Grand Total: 28 creatures vanquished

Notes
Turn   | Place    | Note
-------+----------+-------------------------------------------
     0 | D:1      | GiantSquids the Tengu Hunter began the quest for the Orb.
     0 | D:1      | Reached XP level 1. HP: 12/12 MP: 2/2
   270 | D:1      | Reached XP level 2. HP: 17/17 MP: 3/3
   407 | D:1      | Reached skill level 5 in Ranged Weapons
   612 | D:1      | Reached XP level 3. HP: 12/21 MP: 4/4
  1250 | D:2      | Slain by an orc

Illustrated notes

Levels and vault maps discovered:
D:1:      dpeg_cavernosity, layout_basic, serial_co_window_serial,
          co_window_corner_a, co_window_paths_a, co_window_paths_a,
          co_window_paths_a, co_window_paths_b, co_window_corner_a,
          co_window_paths_b, co_window_broadway_c, co_window_paths_c,
          co_window_of_opportunity_b, co_window_unsneaky_path_c,
          co_window_paths_c, co_window_unsneaky_path_c, glass_columns_c,
          glass_columns_c, glass_columns_b
D:2:      cheibrodos_pilgrimage, layout_loops_ring, nicolae_eternal_life,
          uniq_terence

Skill      XL: |  1  2 |
---------------+-------+-----
Ranged Weapons | 5 |  5.6
Fighting       | |  2.0
Dodging        | |  2.1
Stealth        | |  1.0

Action                   || total
-------------------------++-------
 Fire: Shortbow          ||    67
Armor: Leather armour    ||    13
Dodge: Dodged            ||    20

Table legend: (Time is in decaauts)
 A = Elapsed time spent in this place.
 B = Non-inter-level travel time spent in this place.
 C = Inter-level travel time spent in this place.
 D = Time resting spent in this place.
 E = Time spent auto-exploring this place.
 F = Levels seen in this place.
 G = Mean time per level.
                   A        B        C        D        E       F      G
               +--------+--------+--------+--------+--------+-----+--------+
         Total |   1269 |   1217 |     52 |      0 |   1055 |   2 |  634.5 |
       Dungeon |   1269 |   1217 |     52 |      0 |   1055 |   2 |  634.5 |
               +--------+--------+--------+--------+--------+-----+--------+

Top non-repeatable levels by time:
     D:1: 1193 daAuts
     D:2: 75 daAuts
